 Dungeon Crawl Stone Soup version 0.19.1 (webtiles) character file.

557 Idleism the Sneak (level 7, 0/52 HPs)
             Began as a Vampire Enchanter on Dec 5, 2016.
             Killed from afar by Dowan (12 damage)
             ... with a stone arrow
             ... on level 4 of the Dungeon.
             The game lasted 00:16:07 (3319 turns).

Idleism the Sneak (Vampire Enchanter)               Turns: 3319, Time: 00:16:08

Health: 0/52       AC:  7    Str:  7    XL:     7   Next: 9%
Magic:  1/10       EV: 12    Int: 19    God:
Gold:   142        SH:  0    Dex: 15    Spells: 3 memorised, 3 levels left

rFire  + . .     SeeInvis +     s - +1 dagger (drain)
rCold  + . .     Gourm    .     w - +1 leather armour {rC+}
rNeg   + . .     Faith    .     (no shield)
rPois  .         Spirit   .     g - +0 helmet
rElec  .         Reflect  .     o - +0 cloak
rCorr  .         Harm     .     (no gloves)
MR     +....                    m - +0 pair of boots
Stlth  +++.......               (no amulet)
                                u - ring of protection from magic
                                i - ring of protection from fire

@: very slightly contaminated
A: fangs 3, see invisible, unbreathing
a: Bat Form


You were on level 4 of the Dungeon.
You were not thirsty.

You visited 1 branch of the dungeon, and saw 4 of its levels.
You also visited: Sewer.

You collected 142 gold pieces.

Inventory:

Hand Weapons
 a - a +1 dagger
 f - a +0 rapier
 s - a +1 dagger of draining (weapon)
Armour
 b - a +1 robe
 g - a +0 helmet (worn)
 m - a +0 pair of boots (worn)
 o - a +0 cloak (worn)
 w - a +1 leather armour of cold resistance (worn)
Jewellery
 i - a ring of protection from fire (left hand)
 u - a ring of protection from magic (right hand)
Wands
 A - a wand of confusion (34/48)
Scrolls
 h - 2 scrolls of remove curse {unknown}
 j - a scroll of fear {unknown}
 l - 3 scrolls of identify {unknown}
 p - a scroll of teleportation {unknown}
 q - a scroll of amnesia {unknown}
 x - a scroll of fog {unknown}
 z - 3 scrolls of recharging {unknown}
Potions
 d - 11 potions of blood
 e - 2 potions of resistance {unknown}
 k - a potion of brilliance {unknown}
 n - a potion of flight {unknown}
 r - a potion of curing {unknown}
 t - 2 potions of ambrosia {unknown}
 v - a potion of cancellation {unknown}
Books
 c - a book of Maledictions

   Spells                             Type                      Level
   a - Corona                         Hexes                        1
   b - Ensorcelled Hibernation        Hexes/Ice                    2
   c - Confuse                        Hexes                        3
   d - Tukima's Dance                 Hexes                        3
   e - Dazzling Spray                 Conjuration/Hexes            3
 y - Kikubaaqudgha's Almanac of Evil Secrets
   (You found it on level 3 of the Dungeon)

   Spells                             Type                      Level
   a - Pain                           Necromancy                   1


   Skills:
 + Level 3.1 Fighting
 - Level 5.7 Short Blades
 - Level 2.1 Dodging
 - Level 7.0 Stealth
 - Level 2.0 Spellcasting
 - Level 5.2 Hexes


You had 3 spell levels left.
You knew the following spells:

 Your Spells              Type           Power        Failure   Level  Hunger
a - Corona                Hex            ###....      3%          1    #......
b - Confuse               Hex            ###.....     12%         3    ###....
c - Tukima's Dance        Hex            ###.....     12%         3    ###....


Dungeon Overview and Level Annotations

Branches:
Dungeon (4/15)
 Temple: D:4-7

Altars:
Ashenzari
Elyvilon
Fedhas
Kikubaaqudgha
Qazlal
Sif Muna
Vehumet

Shops:
D:4 (

Annotations:
D:4 Dowan


Innate Abilities, Weirdness & Mutations

You have razor-sharp teeth.
You have supernaturally acute eyesight. (SInv)
You can survive without breathing.


Message History

The puff of frost hits you! You resist.
You hit Duvessa.
Duvessa is almost dead.
Duvessa hits you with a short sword. Dowan hits you but does no damage.
You hit Duvessa but do no damage.
Duvessa is almost dead.
You hit Duvessa.
You kill Duvessa!
Dowan seems overcome with grief, but rights himself reflexively soon after.
Dowan seems to find hidden reserves of power!
Your Fighting skill increases to level 3!
You have reached level 7!
Dowan gestures at you while chanting. The shard of ice hits you!
You partially resist.
* * * LOW HITPOINT WARNING * * *
You hit Dowan but do no damage. Dowan hits you with a dagger.
* * * LOW HITPOINT WARNING * * *
Dowan casts a spell at you. The stone arrow hits you!
You die...

.<...##............#
.....##............#
......#...e........#
......#............#
......#............#
...................#
.....#.............#
.....#........#######
.....##.###...)e@...#
.....##..##.........#
.....###............#
.....###............#
...................##
......##...........#
#####.##...........#
### #...#..........#
..# ###.#..........#


You could see Dowan.

Vanquished Creatures
  Sigmund (D:2)
  Duvessa (D:4)
  A howler monkey (D:3)
  An orc priest (D:3)
  An orc wizard (D:3)
  Ijyb (D:2)
  2 worker ants (D:4)
  5 adders
  5 worms
  3 dart slugs (D:2)
  2 leopard geckos
  7 orcs (D:3)
  A ball python (Sewer)
  6 giant cockroaches
  9 goblins
  5 hobgoblins
  9 kobolds
  A quokka (D:2)
  4 bats
  8 frilled lizards
  9 rats
82 creatures vanquished.

Notes
Turn   | Place    | Note
-------+----------+-------------------------------------------
     0 | D:1      | Idleism the Vampire Enchanter began the quest for the Orb.
     0 | D:1      | Reached XP level 1. HP: 13/13 MP: 3/3
   654 | D:1      | Reached XP level 2. HP: 19/19 MP: 5/5
   736 | D:2      | Noticed Sigmund
   738 | D:2      | Killed Sigmund
   738 | D:2      | Reached skill level 5 in Short Blades
   738 | D:2      | Reached XP level 3. HP: 24/24 MP: 6/6
   738 | D:2      | Reached XP level 4. HP: 30/30 MP: 7/7
   738 | D:2      | Reached XP level 5. HP: 35/35 MP: 8/8
   746 | D:2      | Noticed Ijyb
   820 | D:2      | Killed Ijyb
   981 | D:2      | Learned a level 3 spell: Confuse
  1211 | D:2      | Reached skill level 5 in Hexes
  1926 | D:2      | Reached skill level 5 in Stealth
  2210 | D:3      | Reached XP level 6. HP: 36/41 MP: 2/9
  2238 | D:3      | Found a white marble altar of Elyvilon.
  2337 | D:3      | Reached skill level 6 in Stealth
  2341 | D:3      | Found a deep blue altar of Sif Muna.
  2342 | D:3      | Found an ancient bone altar of Kikubaaqudgha.
  2342 | D:3      | Found a radiant altar of Vehumet.
  2344 | D:3      | Identified Kikubaaqudgha's Almanac of Evil Secrets
  2514 | D:3      | Found a glowing drain.
  2557 | Sewer    | Entered a sewer
  2643 | Sewer    | Noticed dvd's ghost (amateur DECj)
  2871 | D:3      | Reached skill level 7 in Stealth
  2958 | D:3      | Reached skill level 1 in Fighting
  3039 | D:3      | Found a shattered altar of Ashenzari.
  3088 | D:4      | Found Vuipatt's Antique Weapon Shop.
  3175 | D:4      | Found a blossoming altar of Fedhas.
  3180 | D:4      | Found a stormy altar of Qazlal.
  3202 | D:4      | Noticed Duvessa
  3202 | D:4      | Noticed Dowan
  3298 | D:4      | Learned a level 3 spell: Tukima's Dance
  3317 | D:4      | Killed Duvessa
  3317 | D:4      | Reached XP level 7. HP: 26/52 MP: 1/10
  3319 | D:4      | Killed from afar by Dowan

Skill      XL: |  1  2  3  4  5  6 |
---------------+-------------------+-----
Short Blades   | 2 5 |  5.7
Hexes          | 5 |  5.2
Stealth        | 5 7 |  7.0
Fighting       | 3 |  3.1
Dodging        | |  2.1
Spellcasting   | |  2.0

Action                   |  1- 3 |  4- 6 |  7- 9 || total
-------------------------+-------+-------+-------++-------
Melee: Dagger            |    29 |   350 |     1 ||   380
       Bite              |     2 |    24 |       ||    26
 Cast: Corona            |     1 |     4 |       ||     5
       Confuse           |       |    17 |       ||    17
       Tukima's Dance    |       |     2 |       ||     2
  Use: Potion            |       |     6 |       ||     6
 Stab: Sleeping          |     4 |    11 |       ||    15
       Confused          |       |     7 |       ||     7
  Eat: Corpse            |     1 |     4 |       ||     5
Armor: Robe              |     4 |    47 |       ||    51
       Leather armour    |       |     4 |       ||     4
Dodge: Dodged            |    16 |   148 |       ||   164
